 Dungeon Crawl Stone Soup version 0.28-a0-1213-g0243856f03 (webtiles) character file.

Game seed: 14439303821240373921

320 bladeefan the Skirmisher (level 6, -9/39 HPs)
             Began as a Gargoyle Fighter on Dec 21, 2021.
             Mangled by an ogre (27 damage)
             ... on level 3 of the Dungeon.
             The game lasted 00:08:25 (4385 turns).

bladeefan the Skirmisher (Gargoyle Fighter)         Turns: 4385, Time: 00:08:25

Health: -9/39      AC: 11    Str: 21    XL:     6   Next: 46%
Magic:  6/6        EV:  9    Int:  9    God:
Gold:   1109       SH:  5    Dex: 15    Spells: 5/5 levels left

rFire   . . .      SeeInvis .   a - +0 flail
rCold   . . .      Faith    .   c - +0 buckler
rNeg    + . .      Spirit   .   b - +0 scale mail
rPois   ∞          Reflect  .   (no helmet)
rElec   +          Harm     .   (no cloak)
rCorr   .          Rampage  .   (no gloves)
Will    .....                   (no boots)
Stlth   ..........              (no amulet)
HPRegen 0.13/turn               i - +6 ring of dexterity
MPRegen 0.10/turn               (no ring)

@: no status effects
A: sickness immunity, AC +4, negative energy resistance 1, electricity
resistance, torment resistance 1, petrification resistance
a: no special abilities


You were on level 3 of the Dungeon.
You visited 1 branch of the dungeon, and saw 4 of its levels.

You collected 1297 gold pieces.
You spent 188 gold pieces at shops.

Inventory:

Hand Weapons
 a - a +0 flail (weapon)
Armour
 b - a +0 scale mail (worn)
 c - a +0 buckler (worn)
Jewellery
 i - a +6 ring of dexterity (left hand)
   (You found it on level 2 of the Dungeon)
Scrolls
 e - 2 scrolls of noise {!r}
 f - a scroll of teleportation {unknown}
 g - a scroll of enchant weapon
 j - a scroll of vulnerability {!r}
 k - a scroll of amnesia {unknown}
 l - a scroll of immolation {!r}
 m - a scroll of fog {unknown}
 o - a scroll of magic mapping
Potions
 d - 3 potions of attraction {!q}
 n - a potion of degeneration {unknown}


   Skills:
 + Level 4.5 Fighting
 * Level 4.4 Maces & Flails
 + Level 4.5 Armour
 + Level 4.4 Shields


You had 5 spell levels left.
You didn't know any spells.
Your spell library contained the following spells:

 Spells                   Type           Power      Damage    Failure   Level
 Slow                     Hex            0%         N/A       71%         1
 Call Canine Familiar     Summ           0%         N/A       97%         3
 Confusing Touch          Hex            0%         N/A       97%         3
 Ozocubu's Armour         Ice            0%         N/A       97%         3
 Portal Projectile        Hex/Tloc       0%         N/A       97%         3
 Vampiric Draining        Necr           0%         2d6       97%         3
 Leda's Liquefaction      Hex/Erth       0%         N/A       100%        4
 Ozocubu's Refrigeration  Ice            0%         4d5       100%        7


Dungeon Overview and Level Annotations

Branches:
Dungeon (4/15)
 Temple: D:4-7

Altars:

Shops:
D:1 *   D:3 *


Innate Abilities, Weirdness & Mutations

You are immune to sickness and miasma.
Your stone body is resilient. (AC +4)
You are immune to poison.
You resist negative energy. (rN+)
You are resistant to electric shocks. (rElec)
You are resistant to unholy torment.
You are immune to petrification.


Message History

The gnoll hits you with a +0 halberd.
* * * LOW HITPOINT WARNING * * *
You hit the gnoll. The gnoll completely misses you.
You hit the gnoll. The gnoll closely misses you.
You hit the gnoll but do no damage. The gnoll hits you but does no damage.
You sock the gnoll!
You kill the gnoll!
Things that are here:
a +0 halberd; a gnoll corpse You see here a dart slug corpse.
You start resting.
You now have 1109 gold pieces (gained 35).
Things that are here:
a +0 spear; a gnoll corpse You see here a dart slug corpse.
Things that are here:
a +0 halberd; a gnoll corpse Key pressed, stopping explore.
Key pressed, stopping explore.
d - 3 potions of attraction {!q} (gained 2)
A gnoll comes into view. It is wielding a +0 spear.
The gnoll shouts!
You hear a shout! x3
An endoplasm and 2 gnolls come into view.
Found 13 gold pieces.
The gnoll shouts!
The endoplasm quivers.
A gnoll comes into view. It is wielding a +0 spear.
An ogre comes into view. It is wielding a +0 giant club.
Found 7 gold pieces.
The ogre shouts!
The gnoll barely misses you.
You barely miss the gnoll. You hit the gnoll.
The gnoll hits you but does no damage.
The endoplasm hits you but does no damage.
You block the gnoll's attack.
Things that are here:
a +0 halberd; a gnoll corpse The endoplasm freezes you.
You are frozen.
There is a stone staircase leading up here.
The ogre hits you with a +0 giant club! The endoplasm freezes you.
You are frozen.
You climb upwards.
There is a stone staircase leading down here.
You hit the endoplasm. The endoplasm hits you.
* * * LOW HITPOINT WARNING * * *
The ogre hits you with a +0 giant club!!
Ouch! That really hurt!
You die...

#........∩.#
#.#######..# #.# ##.#
#.# ###.### #.#
#....<############
#.#
####.###.............
#.# #....#
#.#####.##.### #.#
#.##J###.# #.##...#
#.###.##@....#
#.####.#
#......))O.### #.#
#.# #####.###### #.#
#.# #.# #.# ##.# #.#
#.###.#.
#.############....###
###
#.##........######.#.
##.####.##.######.#
##.. #####...##...#.#
#.#########


You could see an ogre and an endoplasm.

Vanquished Creatures
  A hornet zombie (D:3)
  4 gnolls
  11 adders
  2 worms (D:2)
  2 dart slugs
  7 endoplasms
  6 giant cockroaches
  6 goblins
  6 hobgoblins
  7 jackals
  4 kobolds
  3 quokkas
  11 ball pythons
  5 bats (D:1)
  5 frilled lizards
  7 rats
87 creatures vanquished.

Vanquished Creatures (others)
  4 plants (D:4)
4 creatures vanquished.

Grand Total: 91 creatures vanquished

Notes
Turn   | Place    | Note
-------+----------+-------------------------------------------
     0 | D:1      | bladeefan the Gargoyle Fighter began the quest for the Orb.
     0 | D:1      | Reached XP level 1. HP: 14/14 MP: 1/1
   119 | D:1      | Reached XP level 2. HP: 13/19 MP: 2/2
   401 | D:1      | Found a faded altar of an unknown god.
   723 | D:1      | Reached XP level 3. HP: 22/23 MP: 3/3
   744 | D:1      | Found Taruz's General Store.
  1317 | D:2      | You fall into a shaft and drop 1 floor!
  1456 | D:3      | Found Saqukk's Assorted Antiques.
  1622 | D:2      | Reached XP level 4. HP: 27/29 MP: 4/4
  2285 | D:2      | Reached XP level 5. HP: 31/33 MP: 5/5
  2547 | D:2      | Identified a scroll of acquirement
  2551 | D:2      | Acquired 1074 gold pieces
  2917 | D:3      | Reached XP level 6. HP: 6/39 MP: 6/6
  3469 | D:3      | Bought a scroll labelled ESKOOH DYPNYV for 19 gold pieces
  3469 | D:3      | Bought a scroll labelled PUPRYA DECUSILIJ for 19 gold
                  | pieces
  3469 | D:3      | Bought a scroll of identify for 38 gold pieces
  3469 | D:3      | Bought a scroll labelled CESHRIAZULA for 19 gold pieces
  3469 | D:3      | Bought a scroll of identify for 38 gold pieces
  3469 | D:3      | Bought a scroll labelled ROOHOR SEERGH for 19 gold pieces
  3469 | D:3      | Bought a lumpy emerald potion for 17 gold pieces
  3469 | D:3      | Bought a scroll labelled JEAFOLE FOBBOE for 19 gold pieces
  4385 | D:3      | Mangled by an ogre

Illustrated notes

Levels and vault maps discovered:
D:1:      onia_arrival_handbag, layout_loops_corners, serial_shops,
          nicolae_square_shop, shapermc_ecumenical_altar_flowoftime
D:2:      layout_loops_cross, minmay_misc_feat_rows, minmay_snake_closets,
          uniq_crazy_yiuf_cottage
D:3:      layout_loops_ring, serial_shops, shop
D:4:      layout_rooms, nicolae_hepliaklqana_hazy_memory,
          chequers_serial_rivers_micro_b, minmay_checkerbox

Skill      XL: |  1  2  3  4  5 |
---------------+----------------+-----
Maces & Flails | 3 4 |  4.4
Fighting       | 4 |  4.5
Armour         | 4 |  4.5
Shields        | 4 |  4.4

Action                   |  1- 3 |  4- 6 || total
-------------------------+-------+-------++-------
Melee: Flail             |   115 |   186 ||   301
  Use: Potion            |     1 |       ||     1
       Scroll            |       |     8 ||     8
Armor: Scale mail        |    60 |    84 ||   144
Dodge: Dodged            |    50 |    91 ||   141
Block: Buckler           |    28 |    41 ||    69

Table legend: (Time is in decaauts)
 A = Elapsed time spent in this place.
 B = Non-inter-level travel time spent in this place.
 C = Inter-level travel time spent in this place.
 D = Time resting spent in this place.
 E = Time spent auto-exploring this place.
 F = Levels seen in this place.
 G = Mean time per level.
                   A        B        C        D        E       F      G
               +--------+--------+--------+--------+--------+-----+--------+
         Total |   4460 |   4359 |    101 |   1056 |   2526 |   4 | 1115.0 |
       Dungeon |   4460 |   4359 |    101 |   1056 |   2526 |   4 | 1115.0 |
               +--------+--------+--------+--------+--------+-----+--------+

Top non-repeatable levels by time:
     D:2: 1509 daAuts
     D:3: 1345 daAuts
     D:1: 1254 daAuts
     D:4: 351 daAuts
